 Dungeon Crawl Stone Soup version 0.22.1-1-ga44c0e5 (webtiles) character file.

1260 MalarOregon the Carver (level 8, -2/71 HPs)
             Began as a Minotaur Berserker on Sept 23, 2018.
             Was a Priest of Trog.
             Succumbed to a water moccasin's poison
             ... on level 5 of the Dungeon.
             The game lasted 00:05:33 (4581 turns).

MalarOregon the Carver (Minotaur Berserker)         Turns: 4581, Time: 00:05:34

Health: -2/71      AC:  9    Str: 28    XL:     8   Next: 27%
Magic:  7/7        EV: 14    Int:  4    God:    Trog [***...]
Gold:   179        SH:  0    Dex: 11    Spells: 7/7 levels left

rFire    . . .     SeeInvis .   a - +0 long sword
rCold    + . .     Gourm    .   (no shield)
rNeg     . . .     Faith    .   u - +2 robe {MR+}
rPois    .         Spirit   .   (helmet restricted)
rElec    .         Reflect  .   k - +2 cloak
rCorr    .         Harm     .   (no gloves)
MR       +....                  l - +0 pair of boots
Stlth    +.........             (no amulet)
HPRegen  0.21/turn              o - ring of protection from cold
MPRegen  0.10/turn              (no ring)

@: mighty, lethally poisoned (-2 -> -44)
A: retaliatory headbutt, horns 2
a: Berserk, Trog's Hand, Renounce Religion


You were on level 5 of the Dungeon.
You worshipped Trog.
Trog was most pleased with you.
You were not hungry.

You visited 1 branch of the dungeon, and saw 5 of its levels.

You collected 179 gold pieces.

Inventory:

Hand Weapons
 a - a +0 long sword (weapon)
   (You found it on level 3 of the Dungeon)
Armour
 k - a +2 cloak (worn)
   (You found it on level 2 of the Dungeon)
 l - a +0 pair of boots (worn)
   (You found it on level 2 of the Dungeon)
 u - a +2 robe of magic resistance (worn)
   (You took it off Pikel on level 4 of the Dungeon)
Jewellery
 o - a ring of protection from cold (left hand)
   (You found it on level 1 of the Dungeon)
Wands
 x - a wand of acid (12)
   (You found it on level 5 of the Dungeon)
Scrolls
 b - 5 scrolls of amnesia {unknown}
 d - 5 scrolls of identify {unknown}
 g - a scroll of noise {unknown}
 i - a scroll of immolation {unknown}
 j - 2 scrolls of enchant armour {unknown}
 p - 2 scrolls of teleportation {unknown}
 q - a scroll of enchant weapon {unknown}
 r - a scroll of fear {unknown}
 t - 2 scrolls of fog {unknown}
 v - a scroll of remove curse {unknown}
 w - a scroll of brand weapon {unknown}
 y - a scroll of random uselessness {unknown}
Potions
 c - a potion of curing {unknown}
 f - a potion of berserk rage {unknown}
 h - a potion of invisibility {unknown}
 m - a potion of mutation {unknown}
 n - a potion of might
 s - a potion of resistance {unknown}
Comestibles
 e - 11 rations {!d}


   Skills:
 + Level 6.4 Fighting
 * Level 8.4 Long Blades
 + Level 5.8 Armour
 + Level 5.3 Dodging


You had 7 spell levels left.
You didn't know any spells.
Your spell library was empty.

Dungeon Overview and Level Annotations

Branches:
Dungeon (5/15)
 Temple: D:4-7

Altars:
Cheibriados
Nemelex Xobeh
The Shining One


Innate Abilities, Weirdness & Mutations

You reflexively headbutt those who attack you in melee.
You have a pair of horns on your head.


Message History

You closely miss the water moccasin.
You feel very sick. The water moccasin misses you.
You barely miss the water moccasin.
You feel very sick. The water moccasin bites you!
* * * LOW HITPOINT WARNING * * *
The water moccasin barely misses you.
You slash the water moccasin!
Your headbutt misses the water moccasin.
* * * LOW HITPOINT WARNING * * *
You feel very sick. The water moccasin misses you.
You riposte.
You closely miss the water moccasin. You closely miss the water moccasin.
* * * LOW HITPOINT WARNING * * *
You feel sick. The water moccasin barely misses you.
You miss the water moccasin.
* * * LOW HITPOINT WARNING * * *
You feel very sick. The water moccasin bites you.
* * * LOW HITPOINT WARNING * * *
The water moccasin barely misses you.
You riposte.
You hit the water moccasin. You miss the water moccasin.
* * * LOW HITPOINT WARNING * * *
You feel very sick.
The water moccasin bites you but does no damage.
You slash the water moccasin!
* * * LOW HITPOINT WARNING * * *
You feel sick. The water moccasin bites you.
* * * LOW HITPOINT WARNING * * *
You are more poisoned.
The water moccasin poisons you!
Unknown command.
You barely miss the water moccasin.
* * * LOW HITPOINT WARNING * * *
You feel very sick.
The water moccasin bites you but does no damage.
Unknown command.
You hit the water moccasin. You headbutt the water moccasin.
* * * LOW HITPOINT WARNING * * *
You feel very sick. The water moccasin bites you.
* * * LOW HITPOINT WARNING * * *
You are more poisoned.
The water moccasin poisons you! The water moccasin bites you!
* * * LOW HITPOINT WARNING * * *
It was a potion of might.
You feel very mighty all of a sudden.
You die...

#### ###########...
######....#....##.##
#)........#....##.##
#...................
#..............#....
###.............#.....
#....S..........#.....
#....@..........#.....
#..........#....#.....
#...................##
####.......##.......#
#..................##
#....................
##.....>..............
#.......##.......##+##
#.......#####....#


You could see a water moccasin.

Vanquished Creatures
  Pikel (D:4)
  A phantom (D:5)
  A centaur (D:5)
  2 ogres
  4 orc priests
  A bullfrog skeleton (D:2)
  2 orc wizards (D:4)
  An iguana (D:5)
  3 worker ants
  A killer bee zombie (D:5)
  A hound zombie (D:5)
  A hound skeleton (D:4)
  3 adders
  2 shadow imps
  An adder skeleton (D:4)
  3 worms
  2 dart slugs
  A leopard gecko (D:2)
  10 orcs
  A ball python (D:1)
  3 bats
  3 giant cockroaches
  7 goblins
  6 hobgoblins
  14 kobolds
  5 frilled lizards
  A jackal skeleton (D:4)
  5 rats
86 creatures vanquished.

Notes
Turn   | Place    | Note
-------+----------+-------------------------------------------
     0 | D:1      | MalarOregon the Minotaur Berserker began the quest for the
                  | Orb.
     0 | D:1      | Reached XP level 1. HP: 19/19 MP: 0/0
   169 | D:1      | Reached XP level 2. HP: 25/27 MP: 1/1
   204 | D:1      | Reached skill level 4 in Long Blades
   924 | D:2      | Reached XP level 3. HP: 21/33 MP: 2/2
  1094 | D:2      | Reached XP level 4. HP: 32/40 MP: 3/3
  1104 | D:2      | Reached ** piety under Trog
  1120 | D:2      | Found a glowing golden altar of the Shining One.
  1212 | D:2      | Found a snail-covered altar of Cheibriados.
  1893 | D:3      | Found a faded altar of an unknown god.
  1982 | D:3      | Reached skill level 5 in Long Blades
  1983 | D:3      | Reached XP level 5. HP: 16/47 MP: 4/4
  2576 | D:3      | Found a sparkling altar of Nemelex Xobeh.
  3011 | D:4      | Noticed an ogre
  3017 | D:4      | Killed an ogre
  3023 | D:4      | Reached XP level 6. HP: 55/55 MP: 5/5
  3130 | D:4      | Reached skill level 6 in Long Blades
  3143 | D:4      | Reached skill level 5 in Fighting
  3941 | D:4      | Noticed a slave
  3942 | D:4      | Noticed Pikel
  3942 | D:4      | Noticed a slave
  3942 | D:4      | Noticed a slave
  3943 | D:4      | Noticed a slave
  3949 | D:4      | Killed Pikel
  3949 | D:4      | Reached skill level 7 in Long Blades
  3949 | D:4      | Reached skill level 5 in Armour
  3949 | D:4      | Reached XP level 7. HP: 51/62 MP: 6/6
  4265 | D:5      | Entered Level 5 of the Dungeon
  4291 | D:5      | Reached XP level 8. HP: 43/70 MP: 7/7
  4293 | D:5      | Reached skill level 8 in Long Blades
  4293 | D:5      | Reached skill level 5 in Dodging
  4293 | D:5      | Reached *** piety under Trog
  4580 | D:5      | HP: 1/71 [water moccasin (10)]
  4581 | D:5      | Succumbed to a water moccasin's poison

Skill      XL: |  1  2  3  4  5  6  7  8 |
---------------+-------------------------+-----
Long Blades    | 4 5 7 8 |  8.4
Fighting       | 4 5 6 |  6.4
Armour         | 3 4 5 |  5.8
Dodging        | 3 4 5 |  5.3

Action                   |  1- 3 |  4- 6 |  7- 9 || total
-------------------------+-------+-------+-------++-------
Melee: Falchion          |    41 |    31 |       ||    72
       Headbutt          |     6 |    22 |    13 ||    41
       Long sword        |       |    79 |    54 ||   133
Invok: Berserk           |       |     2 |     1 ||     3
  Use: Potion            |       |       |     1 ||     1
 Stab: Sleeping          |       |     1 |       ||     1
  Eat: Chunk             |     1 |    10 |     3 ||    14
Armor: Animal skin       |     1 |       |       ||     1
       Robe              |     4 |    21 |    11 ||    36
Dodge: Dodged            |    35 |    54 |    39 ||   128
       Rpst.: Falchion   |    11 |     2 |       ||    13
       Long sword        |       |    10 |     8 ||    18
